Map: Écho EC

Players

xeno

  • Race: Terran Terran
  • League: Grandmaster

AgCl - Winner!

  • Race: Protoss Protoss
  • League: Grandmaster

VOD

Have the link to the VOD?

Description

Time

  • Played on: July 2, 2015, 6:34 p.m.
  • Length: 10:36
Show
View Real Time Build Order
Export as new Build Order

xeno Terran 

Build Orders:  

Get SALT Encoding   

  12  0:06  SCV  
  13  0:15  Supply Depot  
  13  0:18  SCV  
  14  0:48  Barracks  
  14  0:51  SCV, Barracks  
  15  0:59  Barracks  
  15  1:24  Supply Depot  
  15  1:31  Barracks  
  15  1:52  Marine x2  
  15  1:53  Marine  
  18  2:02  SCV  
  18  2:03  Refinery  
  18  2:04  Refinery  
  19  2:11  Marine x3  
  22  2:20  Marine  
  23  2:29  Marine x2  
  25  2:30  Marine  
  25  2:32  SCV  
  26  2:38  Marine  
  27  2:48  Marine x3  
  30  3:00  Factory  
  30  3:03  Marine  
  26  3:25  Marine x3  
  26  3:26  Marine  
  29  3:43  Marine x2  
  26  4:08  Marine x3  
  26  4:09  Marine  
  28  4:11  Factory Tech Lab, Orbital Command  
  28  4:34  Siege Tank  
  31  4:41  Starport  
  26  4:53  Marine  
  26  4:54  Marine x3  
  30  5:01  SCV  
  31  5:15  Barracks Tech Lab  
  31  5:18  Supply Depot  
  31  5:27  Command Center  
  31  5:32  Starport Reactor  
  31  5:35  Combat Shields  
  31  5:40  SCV  
  32  5:52  Marine  
  32  5:54  Siege Tank  
  36  6:08  Medivac  
  38  6:22  SCV, Supply Depot  
  39  6:39  Medivac  
  41  6:42  Engineering Bay, Medivac  
  43  6:50  Marine x2  
  43  6:51  Marine  
  43  6:52  Marine  
  47  7:02  Stimpack  
  47  7:04  Widow Mine  
  49  7:19  Planetary Fortress  
  49  7:25  SCV  
  49  7:27  Barracks Tech Lab  
  31  8:34  Viking x2  
  30  8:35  Marine x3  
  30  8:36  Marine  
  30  8:37  Siege Tank  
  30  8:40  SCV  
  38  8:51  Command Center  
  38  8:53  SCV  
  39  9:02  Refinery  
  39  9:03  Refinery  
  39  9:05  SCV  
  39  9:07  Viking  
  39  9:09  Viking  
  44  9:12  Marine  
  44  9:14  Marine  
  46  9:17  SCV  
  46  9:18  Marine  
  48  9:29  SCV  
  25  9:53  Marine x4  
  25  9:55  Viking x2  
  25  9:58  Widow Mine  
  33  10:11  Marine x4  
Show
View Real Time Build Order
Export as new Build Order

AgCl Protoss - Winner!

Build Orders: Oracle Opening, Carrier Rush 

Get SALT Encoding   

  12  0:02  Probe  
  13  0:15  Probe  
  14  0:29  Assimilator  
  14  0:31  Pylon  
  14  0:49  Probe (Chrono Boost)  
  15  0:52  Gateway  
  15  1:01  Probe (Chrono Boost)  
  16  1:08  Probe (Chrono Boost)  
  17  1:18  Probe  
  18  1:30  Probe  
  19  1:36  Pylon  
  19  1:37  Assimilator  
  19  1:42  Probe  
  20  1:50  Zealot (Chrono Boost)  
  22  1:54  Probe (Chrono Boost)  
  22  1:56  Cybernetics Core  
  23  2:06  Probe (Chrono Boost)  
  24  2:14  Probe (Chrono Boost)  
  25  2:23  Probe  
  25  2:25  Nexus  
  26  2:33  Stargate  
  25  2:45  Mothership Core (Chrono Boost)  
  25  2:47  Warp Gate  
  25  2:49  Adept (Chrono Boost)  
  28  2:59  Probe (Chrono Boost)  
  29  3:11  Probe  
  30  3:26  Pylon  
  30  3:28  Adept (Chrono Boost)  
  30  3:37  Probe x2, Oracle  
  35  3:49  Probe  
  35  3:50  Probe  
  38  3:56  Pylon  
  38  4:01  Probe  
  38  4:02  Probe  
  33  4:15  Fleet Beacon  
  33  4:18  Pylon  
  33  4:24  Probe x2 (Chrono Boost)  
  35  4:28  Adept  
  37  4:32  Carrier (Chrono Boost)  
  37  4:33  Probe (Chrono Boost)  
  37  4:34  Probe (Chrono Boost)  
  39  4:38  Assimilator  
  39  4:41  Probe  
  39  4:44  Probe  
  41  4:45  Assimilator  
  38  4:53  Probe  
  45  5:02  Probe  
  45  5:07  Probe  
  47  5:09  Protoss Air Weapons Level 1 (Chrono Boost)  
  47  5:14  Probe  
  48  5:18  Gateway  
  48  5:23  Adept  
  51  5:29  Graviton Catapult (Chrono Boost)  
  51  5:31  Probe  
  51  5:37  Carrier (Chrono Boost)  
  51  5:40  Probe  
  52  5:48  Probe  
  59  5:57  Probe  
  60  6:21  Forge  
  60  6:29  Forge  
  60  6:31  Gateway  
  60  6:51  Nexus  
  60  6:57  Protoss Air Weapons Level 2 (Chrono Boost)  
  60  7:08  Photon Cannon  
  60  7:17  Protoss Ground Weapons Level 1 (Chrono Boost)  
  60  7:27  Pylon  
  60  7:30  Protoss Shields Level 1 (Chrono Boost), Carrier (Chrono Boost)  
  60  7:36  Pylon  
  60  7:39  Pylon  
  60  7:45  Probe x2  
  68  7:51  Stargate  
  68  8:08  Probe  
  68  8:11  Adept  
  68  8:12  Adept x2  
  72  8:13  Probe  
  65  8:32  Stalker  
  65  8:33  Stalker  
  69  8:36  Photon Cannon  
  69  8:39  Probe (Chrono Boost), Assimilator  
  72  8:41  Probe x2 (Chrono Boost)  
  72  8:46  Probe (Chrono Boost), Photon Cannon  
  72  8:48  Probe x2 (Chrono Boost)  
  75  8:51  Carrier (Chrono Boost)  
  76  9:03  Photon Cannon  
  76  9:05  Probe (Chrono Boost)  
  76  9:07  Probe (Chrono Boost)  
  76  9:09  Probe (Chrono Boost)  
  87  9:18  Probe, Oracle (Chrono Boost)  
  88  9:29  Carrier (Chrono Boost)  
Tags
 
Add a new tag
Caveats
  • Supply blocks, unpowered buildings, or Contaminate may cause inaccurate times.
  • Supply counts are checked every 10 seconds.